 Dungeon Crawl Stone Soup version 0.30-a0-939-gc8157cb160 (webtiles) character file.

Game seed: 9206046929000390863

715 cforsyth the Trooper (level 7, -1/39 HPs)
             Began as a Vine Stalker Fighter on Mar 25, 2023.
             Killed by nerve-wracking pain
             ... invoked by a shadow imp
              (10 damage)
             ... on level 5 of the Dungeon.
             The game lasted 00:05:05 (3212 turns).

cforsyth the Trooper (Vine Stalker Fighter)         Turns: 3212, Time: 00:05:06

Health: -1/39      AC:  7    Str: 30    XL:     7   Next: 69%
Magic:  0/8        EV:  9    Int:  3    God:
Gold:   154        SH:  4    Dex: 13    Spells: 6/6 levels left

rFire   . . .      SeeInvis .    u - +2 dagger (drain)
rCold   . . .      Faith    +    c - +0 buckler
rNeg    . . .      Spirit   +    b - +0 scale mail
rPois   .          Reflect  .    n - +0 helmet "Itzujama" {Str+9 Int-5}
rElec   .          Rampage  .    (no cloak)
rCorr   .                        (no gloves)
Will    .....                    (no boots) Stlth
                                 h - amulet of faith
HPRegen 1.06/turn                (no ring)
MPRegen 0.11/turn                (no ring)

@: no status effects
A: fangs 2, regeneration 1, magic shield, antimagic bite, no potion heal 2
a: no special abilities


You were on level 5 of the Dungeon.
You visited 1 branch of the dungeon, and saw 5 of its levels.

You collected 154 gold pieces.

Inventory:

Hand Weapons
 a - a +0 rapier
 t - a +0 short sword of draining
 u - a +2 dagger of draining (weapon)
Missiles
 o - 2 throwing nets (quivered)
Armour
 b - a +0 scale mail (worn)
 c - a +0 buckler (worn)
 n - the +0 helmet "Itzujama" (worn) {Str+9 Int-5}
   (You found it on level 3 of the Dungeon)

   Str:       It affects your strength (+9).
   Int:       It affects your intelligence (-5).
Jewellery
 h - an amulet of faith (around neck)
 m - a ring of ice
Scrolls
 e - a scroll of teleportation {unknown}
 f - a scroll of enchant weapon {unknown}
 i - 3 scrolls of poison {unknown}
 j - a scroll of blinking {unknown}
 l - 6 scrolls of identify {unknown}
 q - a scroll of butterflies {unknown}
Potions
 d - 3 potions of might
 g - 3 potions of mutation {unknown}
 k - 2 potions of brilliance {unknown}
 p - 2 potions of cancellation {unknown}
 r - a potion of heal wounds {unknown}
 s - a potion of lignification {unknown}
 v - 2 potions of curing {unknown}


   Skills:
 + Level 5.9 Fighting
 + Level 5.5 Short Blades
 - Level 2.4 Armour
 - Level 2.7 Shields


You had 6 spell levels left.
You didn't know any spells.
Your spell library contained the following spells:

 Spells                   Type           Power      Damage    Failure   Level
 Blink                    Tloc           0%         N/A       95%         2
 Lesser Beckoning         Tloc           0%         N/A       95%         2
 Momentum Strike          Conj/Tloc      0%         3d8       95%         2
 Inner Flame              Hex/Fire       0%         N/A       99%         3
 Flame Wave               Conj/Fire      0%         2d4       100%        4
 Sticky Flame             Conj/Fire      0%         2d3       100%        4


Dungeon Overview and Level Annotations

Branches:
Dungeon (5/15)
 Temple: D:4-7

Altars:
Okawaru
Ru
Zin

Shops:
D:2 =

Annotations:
D:5 Edmund


Innate Abilities, Weirdness & Mutations

You have extremely sharp teeth.
Your natural rate of healing is unusually fast.
When hurt, damage is shared between your health and your magic reserves.
Your bite disrupts and absorbs the magic of your enemies.
Potions cannot restore your health.


Message History

You feel sick.
You feel sick.
The shadow imp attacks as you move away!
The shadow imp hits you but does no damage.
You feel sick.
You hit the shadow imp.
The shadow imp is heavily wounded.
You feel sick.
You are no longer poisoned.
The shadow imp hits you.
You closely miss the shadow imp.
The shadow imp is heavily wounded.
The shadow imp hits you.
You hit the shadow imp. Your bite misses the shadow imp.
The shadow imp is almost dead.
The shadow imp gestures at you. You resist with significant effort.
You hit the shadow imp but do no damage.
Your bite misses the shadow imp.
The shadow imp is almost dead.
You closely miss the shadow imp. Your bite misses the shadow imp.
The shadow imp is almost dead.
The shadow imp hits you.
Edmund says, "People accused me of being a cutpurse!"
Hit: u) +2 dagger (drain)
Press: ? - help, Dir - move target, f - shadow imp
Aim: a shadow imp (almost dead, about 35% to evade your +2 dagger of draining)
Okay, then.
The shadow imp attacks as you move away!
The shadow imp barely misses you.
Found a stone staircase leading down.
The shadow imp gestures at you. Pain shoots through your body!
Found 4 stones.
The shadow imp gestures at you. Pain shoots through your body!
* * * LOW HITPOINT WARNING * * *
Found a glowing sapphire potion.
Found a stone staircase leading up.
The shadow imp gestures at you. Pain shoots through your body!
You die...

##.###.## #o#
.# #@# .# #S#
#. #S# .< #5#
.# #.# .#
#5####.###
#....@>..#
(......####.#.#
.#####.. !# ###
.. .#. ####


You could see a shadow imp.

Vanquished Creatures
  Duvessa (D:4)
  A water moccasin (D:5)
  An ogre (D:5)
  2 scorpions
  Dowan (D:4)
  An orc priest (D:3)
  A sleepcap (D:4)
  Natasha (D:2)
  2 iguanas
  3 adders
  An ufetubus (D:4)
  3 dart slugs (D:3)
  5 orcs
  5 ball pythons
  9 bats
  5 endoplasms
  3 giant cockroaches
  7 goblins
  8 hobgoblins
  2 jackals (D:2)
  5 kobolds
  A quokka (D:2)
  3 frilled lizards
  A rat (D:2)
72 creatures vanquished.

Vanquished Creatures (others)
  Natasha (D:2)
1 creature vanquished.

Grand Total: 73 creatures vanquished

Notes
Turn   | Place    | Note
-------+----------+-------------------------------------------
     0 | D:1      | cforsyth the Vine Stalker Fighter began the quest for the
                  | Orb.
     0 | D:1      | Reached XP level 1. HP: 11/11 MP: 2/2
   131 | D:1      | Reached XP level 2. HP: 12/16 MP: 3/3
   498 | D:1      | You fall into a shaft and drop 1 floor!
   703 | D:2      | Noticed Natasha
   713 | D:2      | Killed Natasha
   714 | D:2      | Reached XP level 3. HP: 16/20 MP: 2/4
  1033 | D:2      | Gained mutation: Your natural rate of healing is unusually
                  | fast. [Vine Stalker growth]
  1033 | D:2      | Reached XP level 4. HP: 24/24 MP: 3/5
  1152 | D:2      | Found Zuegish's Jewellery Shop.
  1577 | D:2      | Noticed Natasha
  1586 | D:2      | Killed Natasha
  1707 | D:3      | Found a glowing silver altar of Zin.
  1707 | D:3      | Found a sacrificial altar of Ru.
  1724 | D:3      | Identified the +0 helmet "Itzujama" {Str+9 Int-5}
  1734 | D:3      | Found an iron altar of Okawaru.
  1762 | D:3      | Reached XP level 5. HP: 26/29 MP: 6/6
  2669 | D:4      | Noticed Duvessa
  2669 | D:4      | Noticed Dowan
  2693 | D:4      | Killed Duvessa
  2694 | D:4      | Reached XP level 6. HP: 14/31 MP: 2/7
  2770 | D:4      | Killed Dowan
  2771 | D:4      | Reached skill level 5 in Fighting
  2796 | D:4      | Identified the +5 hand axe "Muqammox" {holy, Str-3 Dex+7}
  2930 | D:4      | Reached XP level 7. HP: 8/37 MP: 8/8
  3063 | D:5      | Entered Level 5 of the Dungeon
  3126 | D:5      | Reached skill level 5 in Short Blades
  3187 | D:5      | Noticed Edmund
  3212 | D:5      | Killed from afar by a shadow imp

Illustrated notes

Levels and vault maps discovered:
D:1:      psy_arrival_radial02, layout_loops_cross, nicolae_figureground_sparkle
D:2:      layout_loops_corners, serial_shops, nicolae_shop_stone,
          serial_aquarium, aquarium_bridge_long_separate
          [aquarium_subvault_bridge, aquarium_subvault_window,
          aquarium_subvault_wall, aquarium_subvault_bridge,
          aquarium_subvault_window, aquarium_subvault_bridge],
          aquarium_bridge_square [aquarium_subvault_wall,
          aquarium_subvault_bridge, aquarium_subvault_window,
          aquarium_subvault_bridge], aquarium_window_3, aquarium_window_corner,
          aquarium_view_2f, aquarium_view_2b, chequers_serial_rivers_room_a,
          hangedman_decor_diamond_cutter, uniq_natasha
D:3:      layout_rooms, gammafunk_temple_overflow_forgotten
D:4:      nicolae_BIG_FREAKIN_CUBE, layout_loops_ring, uniq_duvessa
D:5:      layout_loops_ring, serial_bayou_pond_c, uniq_edmund

Skill      XL: |  1  2  3  4  5  6  7 |
---------------+----------------------+-----
Short Blades   | 2 3 4 5 |  5.5
Fighting       | 3 4 5 |  5.9
Armour         | |  2.4
Shields        | |  2.7

Action                     |  1- 3 |  4- 6 |  7- 9 || total
---------------------------+-------+-------+-------++-------
  Melee: Rapier            |    94 |   157 |       ||   251
         Bite              |    19 |    51 |    11 ||    81
         Dagger            |       |    11 |    44 ||    55
         Short sword       |       |     7 |       ||     7
 Armour: Scale mail        |    58 |    73 |    23 ||   154
  Dodge: Dodged            |    62 |    77 |    16 ||   155
  Block: Buckler           |    27 |    38 |     7 ||    72

Table legend: (Time is in decaauts)
 A = Elapsed time spent in this place.
 B = Non-inter-level travel time spent in this place.
 C = Inter-level travel time spent in this place.
 D = Time resting spent in this place.
 E = Time spent auto-exploring this place.
 F = Levels seen in this place.
 G = Mean time per level.
                   A        B        C        D        E       F      G
               +--------+--------+--------+--------+--------+-----+--------+
         Total |   3223 |   3110 |    113 |      0 |   2478 |   5 |  644.6 |
       Dungeon |   3223 |   3110 |    113 |      0 |   2478 |   5 |  644.6 |
               +--------+--------+--------+--------+--------+-----+--------+

Top non-repeatable levels by time:
     D:2: 1238 daAuts
     D:4: 751 daAuts
     D:3: 588 daAuts
     D:1: 505 daAuts
     D:5: 140 daAuts
